General information
- name: BNet
- type: Ladder team game (AT/RT)
- host: Battle.net
- saver: QUIT-DC-OUT-BOB
map: MarketSquare
- players: 8
- length: 88:40
- speed: Fast
- version: 1.28 W3XP
- replay type: Public
» download(654 KB)
Players
team 1 (loser)
Kbilly (
teal | 54 APM | 2074 actions | 38:19)
6 Blademaster
2 Wind Walk
3 Critical Strike
1 Bladestorm
4 Shadow Hunter
2 Hex
2 Healing Wave
2 Tauren Chieftain
1 Endurance Aura
1 War Stomp
» actions
| Assign group hotkey | 47 | |
| Basic commands | 74 | |
| Build / train | 87 | |
| ESC pressed | 3 | |
| Enter build submenu | 21 | |
| Enter hero's abilities submenu | 12 | |
| Give item / drop item | 3 | |
| Right click | 770 | |
| Select / deselect | 344 | |
| Select group hotkey | 533 | |
| Use ability | 180 | |
2074 total
» units
| Peon | 16 | |
| Grunt | 4 | |
| Raider | 5 | |
| Spirit Walker | 2 | |
| Kodo Beast | 1 | |
| Troll Headhunter/Berserker | 7 | |
| Troll Witch Doctor | 1 | |
36 total
» upgrades
| Berserker Strength | 1 | |
| Armor | 3 | |
| Melee Weapons | 2 | |
| Pillage | 1 | |
| Ensnare | 1 | |
| Spirit Walker Training | 1 | |
| Reinforced Defenses | 1 | |
| Spiked Barricades | 1 | |
| War Drums Damage Increase | 1 | |
| Witch Doctor Training | 2 | |
| Berserker Upgrade | 1 | |
| Ranged Weapons | 3 | |
18 total
» buildings
| Altar of Storms | 1 | |
| Orc Burrow | 7 | |
| Barracks | 1 | |
| Voodoo Lounge | 1 | |
| Stronghold | 1 | |
| War Mill | 1 | |
| Spirit Lodge | 1 | |
| Beastiary | 1 | |
| Fortress | 1 | |
| Watch Tower | 6 | |
| Great Hall | 2 | |
23 total
» build order
00:06 Altar of Storms
00:20 Orc Burrow
00:35 Barracks
01:29 Orc Burrow
01:56 Voodoo Lounge
03:03 Orc Burrow
05:14 Stronghold
05:31 War Mill
07:38 Spirit Lodge
07:42 Beastiary
09:07 Orc Burrow
09:39 Fortress
11:51 Watch Tower
11:53 Watch Tower
13:15 Orc Burrow
13:15 Orc Burrow
14:04 Great Hall
15:42 Watch Tower
15:43 Watch Tower
17:22 Orc Burrow
23:02 Great Hall
25:11 Watch Tower
25:32 Watch Tower
» items
| Boots of Speed | 1 | |
| Circlet of Nobility | 2 | |
| Healing Salve | 1 | |
| Lesser Clarity Potion | 1 | |
| Scroll of Town Portal | 6 | |
| Scroll of Protection | 1 | |
| Scroll of Healing | 1 | |
| Orb of Lightning | 1 | |
| Tiny Great Hall | 1 | |
| Potion of Lesser Invulnerability | 1 | |
16 total

»
h2oburyUSA (
blue | 99 APM | 2824 actions | 28:27)
6 Blademaster
3 Wind Walk
2 Critical Strike
1 Bladestorm
4 Shadow Hunter
2 Hex
2 Healing Wave
» actions
| Assign group hotkey | 22 | |
| Basic commands | 15 | |
| Build / train | 77 | |
| Enter build submenu | 15 | |
| Enter hero's abilities submenu | 10 | |
| Give item / drop item | 1 | |
| Right click | 1318 | |
| Select / deselect | 225 | |
| Select group hotkey | 1050 | |
| Use ability | 91 | |
2824 total
» units
» upgrades
| Envenomed Spears | 1 | |
| Ranged Weapons | 2 | |
| Armor | 1 | |
4 total
» buildings
| Altar of Storms | 1 | |
| Orc Burrow | 7 | |
| Voodoo Lounge | 1 | |
| Stronghold | 1 | |
| Beastiary | 2 | |
| War Mill | 1 | |
| Fortress | 1 | |
| Great Hall | 2 | |
16 total
» build order
00:08 Altar of Storms
00:18 Orc Burrow
00:56 Voodoo Lounge
01:59 Stronghold
02:15 Orc Burrow
03:10 Orc Burrow
03:44 Orc Burrow
04:23 Beastiary
04:25 Beastiary
05:08 War Mill
07:44 Fortress
08:03 Orc Burrow
09:17 Orc Burrow
10:21 Great Hall
18:49 Orc Burrow
25:29 Great Hall
» items
| Healing Salve | 4 | |
| Lesser Clarity Potion | 9 | |
| Scroll of Town Portal | 2 | |
15 total

»
JBGarrison72 (
orange | 15 APM | 1282 actions | 86:55)
5 Blademaster
3 Wind Walk
2 Critical Strike
» actions
| Basic commands | 240 | |
| Build / train | 75 | |
| Enter build submenu | 33 | |
| Enter hero's abilities submenu | 5 | |
| Remove unit from queue | 3 | |
| Right click | 379 | |
| Select / deselect | 488 | |
| Use ability | 59 | |
1282 total
» units
» upgrades
| Berserker Strength | 1 | |
| Armor | 1 | |
| Melee Weapons | 2 | |
| Spiked Barricades | 2 | |
| Pillage | 1 | |
| Pulverize | 1 | |
8 total
» buildings
| Orc Burrow | 7 | |
| Altar of Storms | 1 | |
| War Mill | 1 | |
| Barracks | 2 | |
| Voodoo Lounge | 1 | |
| Watch Tower | 11 | |
| Stronghold | 1 | |
| Fortress | 1 | |
| Tauren Totem | 3 | |
| Great Hall | 3 | |
31 total
» build order
00:08 Orc Burrow
00:16 Altar of Storms
00:55 War Mill
02:19 Barracks
02:24 Barracks
02:36 Voodoo Lounge
03:05 Orc Burrow
03:34 Orc Burrow
04:17 Orc Burrow
05:29 Watch Tower
08:20 Stronghold
08:30 Watch Tower
10:05 Watch Tower
10:17 Watch Tower
10:23 Orc Burrow
12:00 Fortress
12:12 Watch Tower
12:20 Watch Tower
12:55 Orc Burrow
18:01 Tauren Totem
18:04 Tauren Totem
18:19 Great Hall
18:47 Tauren Totem
19:27 Watch Tower
21:03 Watch Tower
22:43 Watch Tower
26:07 Great Hall
26:14 Orc Burrow
26:55 Watch Tower
28:21 Watch Tower
33:34 Great Hall
» items
| Healing Salve | 2 | |
| Lesser Clarity Potion | 1 | |
| Scroll of Speed | 6 | |
| Scroll of Town Portal | 3 | |
| Potion of Healing | 3 | |
| Orb of Lightning | 1 | |
16 total
Jazzman (
green | 63 APM | 5508 actions | 86:55)
10 Archmage
3 Summon Water Elemental
3 Brilliance Aura
1 Mass Teleport
3 Blizzard
» actions
| Assign group hotkey | 229 | |
| Basic commands | 246 | |
| Build / train | 140 | |
| Enter build submenu | 78 | |
| Enter hero's abilities submenu | 11 | |
| Give item / drop item | 10 | |
| Remove unit from queue | 2 | |
| Right click | 2062 | |
| Select / deselect | 1010 | |
| Select group hotkey | 1425 | |
| Use ability | 294 | |
5508 total
» units
| Peasant | 24 | |
| Footman | 4 | |
| Gryphon Rider | 19 | |
| Dragonhawk Rider | 11 | |
| Siege Engine | 6 | |
64 total
» upgrades
| Lumber Harvesting | 2 | |
| Masonry | 3 | |
| Swords | 3 | |
| Armor | 3 | |
| Animal War Training | 1 | |
| Storm Hammers | 1 | |
| Cloud | 1 | |
| Gunpowder | 1 | |
| Plating | 1 | |
| Barrage | 1 | |
17 total
» buildings
| Scout Tower | 52 | |
| Arcane Tower | 2 | |
| Altar of Kings | 1 | |
| Barracks | 1 | |
| Farm | 11 | |
| Lumber Mill | 2 | |
| Arcane Vault | 3 | |
| Guard Tower | 17 | |
| Town Hall | 5 | |
| Keep | 1 | |
| Castle | 1 | |
| Gryphon Aviary | 10 | |
| Blacksmith | 2 | |
| Workshop | 3 | |
111 total
» build order
00:45 Scout Tower
01:13 Arcane Tower
01:19 Altar of Kings
01:22 Barracks
01:31 Farm
01:34 Farm
01:38 Farm
02:01 Farm
02:15 Scout Tower
02:18 Scout Tower
02:40 Lumber Mill
03:00 Arcane Tower
03:26 Scout Tower
03:26 Scout Tower
03:30 Scout Tower
03:58 Arcane Vault
04:00 Guard Tower
04:01 Guard Tower
04:03 Guard Tower
06:26 Town Hall
06:30 Scout Tower
06:31 Scout Tower
06:32 Scout Tower
06:33 Scout Tower
07:38 Keep
08:06 Guard Tower
10:50 Castle
11:05 Gryphon Aviary
11:06 Gryphon Aviary
11:06 Gryphon Aviary
11:07 Gryphon Aviary
11:09 Blacksmith
11:10 Blacksmith
11:50 Scout Tower
11:50 Scout Tower
11:52 Scout Tower
11:52 Scout Tower
12:00 Farm
12:01 Farm
13:13 Guard Tower
13:58 Lumber Mill
15:22 Scout Tower
15:24 Scout Tower
15:25 Scout Tower
16:13 Arcane Vault
16:15 Guard Tower
17:26 Farm
17:26 Farm
17:26 Farm
18:39 Scout Tower
18:40 Scout Tower
18:43 Scout Tower
18:46 Farm
19:36 Guard Tower
19:38 Guard Tower
24:49 Town Hall
24:55 Scout Tower
24:55 Scout Tower
24:56 Scout Tower
24:56 Scout Tower
24:58 Scout Tower
24:58 Scout Tower
24:58 Scout Tower
24:59 Scout Tower
25:02 Arcane Vault
25:26 Farm
25:29 Guard Tower
25:45 Scout Tower
25:46 Scout Tower
25:48 Scout Tower
25:48 Scout Tower
25:57 Guard Tower
26:20 Guard Tower
29:04 Town Hall
32:23 Gryphon Aviary
32:23 Gryphon Aviary
32:23 Gryphon Aviary
32:24 Gryphon Aviary
32:27 Gryphon Aviary
32:27 Gryphon Aviary
33:58 Workshop
34:02 Workshop
34:04 Workshop
34:59 Scout Tower
34:59 Scout Tower
34:59 Scout Tower
34:59 Scout Tower
35:32 Guard Tower
35:36 Scout Tower
35:36 Scout Tower
35:36 Scout Tower
35:37 Scout Tower
35:37 Scout Tower
35:38 Scout Tower
35:38 Scout Tower
35:39 Scout Tower
35:40 Scout Tower
35:41 Scout Tower
35:41 Scout Tower
35:41 Scout Tower
35:41 Scout Tower
35:42 Scout Tower
35:43 Scout Tower
35:44 Scout Tower
37:21 Guard Tower
37:22 Guard Tower
37:23 Guard Tower
38:01 Guard Tower
42:28 Guard Tower
43:47 Town Hall
45:32 Town Hall
» items
| Scroll of Town Portal | 7 | |
| Scroll of Regeneration | 7 | |
| Staff of Sanctuary | 1 | |
| Potion of Healing | 5 | |
| Periapt of Vitality | 1 | |
| Staff of Teleportation | 1 | |
| Mechanical Critter | 2 | |
24 total
team 2 (winner)
MCdonalds_Army (
purple | 51 APM | 2764 actions | 53:42)
9 Crypt Lord
3 Carrion Beetles
3 Spiked Carapace
2 Impale
1 Locust Swarm
3 Demon Hunter
1 Metamorphosis
2 Evasion
» actions
| Assign group hotkey | 29 | |
| Basic commands | 3 | |
| Build / train | 105 | |
| ESC pressed | 5 | |
| Enter build submenu | 30 | |
| Enter hero's abilities submenu | 14 | |
| Give item / drop item | 3 | |
| Right click | 1450 | |
| Select / deselect | 502 | |
| Select group hotkey | 391 | |
| Use ability | 232 | |
2764 total
» units
| Acolyte | 8 | |
| Ghoul | 16 | |
| Necromancer | 10 | |
| Obsidian Statue | 2 | |
| Frost Wyrm | 12 | |
| Hippogryph | 6 | |
54 total
» upgrades
| Necromancer Training | 1 | |
| Creature Carapace | 2 | |
| Skeletal Mastery | 1 | |
| Creature Attack | 2 | |
6 total
» buildings
| Ziggurat | 9 | |
| Crypt | 2 | |
| Altar of Darkness | 1 | |
| Graveyard | 1 | |
| Nerubian Tower | 1 | |
| Tomb of Relics | 1 | |
| Halls of the Dead | 2 | |
| Black Citadel | 1 | |
| Temple of the Damned | 1 | |
| Slaughterhouse | 1 | |
| Sacrificial Pit | 1 | |
| Boneyard | 3 | |
| Spirit Tower | 2 | |
| Moon Well | 2 | |
| Scout Tower | 23 | |
| Barracks | 1 | |
52 total
» build order
00:09 Ziggurat
00:10 Crypt
00:16 Crypt
00:47 Altar of Darkness
01:26 Graveyard
01:42 Nerubian Tower
01:59 Tomb of Relics
02:29 Ziggurat
02:31 Ziggurat
03:00 Ziggurat
04:20 Halls of the Dead
04:20 Halls of the Dead
06:42 Black Citadel
06:45 Temple of the Damned
06:46 Slaughterhouse
06:48 Sacrificial Pit
08:21 Ziggurat
09:05 Boneyard
09:06 Boneyard
09:10 Boneyard
11:56 Ziggurat
11:59 Ziggurat
18:53 Ziggurat
21:28 Spirit Tower
21:28 Spirit Tower
31:09 Moon Well
31:11 Moon Well
46:41 Scout Tower
46:42 Scout Tower
46:43 Scout Tower
46:43 Scout Tower
46:44 Scout Tower
46:44 Scout Tower
46:44 Scout Tower
46:44 Scout Tower
46:44 Scout Tower
46:46 Scout Tower
46:46 Scout Tower
46:47 Scout Tower
46:47 Scout Tower
46:56 Barracks
46:57 Scout Tower
46:57 Scout Tower
46:57 Scout Tower
46:58 Scout Tower
» items
| Rod of Necromancy | 2 | |
| Orb of Corruption | 1 | |
| Scroll of Town Portal | 4 | |
| Tome of Retraining | 1 | |
| Boots of Speed | 1 | |
| Potion of Healing | 5 | |
| Potion of Mana | 1 | |
| Staff of Teleportation | 1 | |
| Circlet of Nobility | 1 | |
| Potion of Invisibility | 1 | |
18 total

»
ReBounD (
red | 140 APM | 6006 actions | 42:51)
8 Mountain King
3 Storm Bolt
3 Thunder Clap
1 Avatar
1 Bash
8 Paladin
3 Holy Light
3 Divine Shield
1 Resurrection
1 Devotion Aura
» actions
| Assign group hotkey | 234 | |
| Basic commands | 2 | |
| Build / train | 194 | |
| Enter build submenu | 35 | |
| Enter hero's abilities submenu | 18 | |
| Give item / drop item | 3 | |
| Remove unit from queue | 6 | |
| Right click | 3271 | |
| Select / deselect | 670 | |
| Select group hotkey | 1328 | |
| Use ability | 241 | |
6006 total
» units
| Peasant | 16 | |
| Rifleman | 21 | |
| Spell Breaker | 6 | |
| Dryad | 1 | |
| Mortar Team | 11 | |
| Glaive Thrower | 3 | |
| Wisp | 17 | |
| Hippogryph | 12 | |
| Mountain Giant | 8 | |
| Knight | 2 | |
| Druid of the Talon | 2 | |
| Flying Machine | 15 | |
114 total
» upgrades
| Gunpowder | 2 | |
| Armor | 2 | |
| Long Rifles | 1 | |
| Lumber Harvesting | 1 | |
| Control Magic | 1 | |
| Vorpal Blades | 1 | |
| Fragmentation Shards | 1 | |
| Hippogryph Taming | 1 | |
| Flak Cannons | 1 | |
| Flying Machine Bombs | 1 | |
12 total
» buildings
| Altar of Kings | 1 | |
| Farm | 13 | |
| Blacksmith | 1 | |
| Barracks | 3 | |
| Scout Tower | 2 | |
| Arcane Tower | 4 | |
| Arcane Vault | 1 | |
| Keep | 3 | |
| Arcane Sanctum | 1 | |
| Lumber Mill | 1 | |
| Town Hall | 4 | |
| Castle | 1 | |
| Workshop | 2 | |
| Ancient of Wind | 1 | |
| Ancient of Lore | 1 | |
| Moon Well | 2 | |
| Ancient of Wonders | 1 | |
42 total
» build order
00:42 Altar of Kings
00:48 Farm
01:27 Farm
01:44 Blacksmith
01:45 Barracks
01:50 Barracks
02:12 Farm
02:36 Farm
02:38 Farm
02:40 Scout Tower
03:18 Arcane Tower
03:18 Arcane Tower
03:18 Arcane Tower
04:34 Arcane Vault
05:34 Keep
05:34 Keep
07:26 Farm
07:58 Arcane Sanctum
08:45 Lumber Mill
12:01 Farm
12:12 Farm
12:13 Farm
14:23 Town Hall
14:27 Scout Tower
15:51 Arcane Tower
17:06 Castle
18:14 Farm
19:25 Barracks
19:27 Workshop
20:30 Ancient of Wind
20:34 Ancient of Lore
22:53 Town Hall
23:46 Moon Well
23:46 Moon Well
24:08 Ancient of Wonders
25:39 Workshop
29:29 Farm
29:34 Farm
30:06 Farm
34:37 Town Hall
37:59 Town Hall
» items
| Lesser Clarity Potion | 4 | |
| Scroll of Town Portal | 6 | |
| Scroll of Regeneration | 2 | |
| Potion of Mana | 1 | |
| Scroll of Healing | 1 | |
| Orb of Corruption | 3 | |
| Dust of Appearance | 2 | |
19 total
Jatski (
yellow | 79 APM | 1591 actions | 20:07)
5 Demon Hunter
1 Immolation
3 Mana Burn
1 Evasion
» actions
| Assign group hotkey | 100 | |
| Basic commands | 43 | |
| Build / train | 65 | |
| ESC pressed | 6 | |
| Enter build submenu | 32 | |
| Enter hero's abilities submenu | 5 | |
| Remove unit from queue | 6 | |
| Right click | 838 | |
| Select / deselect | 361 | |
| Select group hotkey | 74 | |
| Use ability | 61 | |
1591 total
» units
| Wisp | 22 | |
| Archer | 3 | |
| Huntress | 13 | |
| Dryad | 9 | |
47 total
» upgrades
» buildings
| Moon Well | 9 | |
| Altar of Elders | 1 | |
| Ancient of War | 2 | |
| Hunter's Hall | 1 | |
| Ancient Protector | 7 | |
| Tree of Ages | 2 | |
| Ancient of Wind | 2 | |
| Ancient of Lore | 1 | |
| Tree of Life | 1 | |
| Ancient of Wonders | 1 | |
27 total
» build order
00:23 Moon Well
00:36 Altar of Elders
00:50 Moon Well
01:40 Ancient of War
01:59 Moon Well
02:32 Hunter's Hall
02:53 Ancient of War
02:58 Moon Well
03:59 Ancient Protector
05:29 Moon Well
05:54 Tree of Ages
05:55 Tree of Ages
07:32 Ancient Protector
10:52 Ancient of Wind
10:59 Ancient Protector
11:55 Moon Well
12:02 Ancient Protector
12:04 Ancient Protector
12:20 Ancient of Wind
12:23 Ancient of Lore
12:31 Tree of Life
13:15 Moon Well
13:20 Ancient of Wonders
14:28 Ancient Protector
16:21 Moon Well
16:23 Moon Well
17:25 Ancient Protector
» items
| Scroll of Town Portal | 2 | |
| Potion of Healing | 1 | |
| Boots of Speed | 1 | |
| Potion of Lesser Invulnerability | 1 | |
| Scroll of Protection | 1 | |
6 total
QUIT-DC-OUT-BOB (
pink | 51 APM | 4514 actions | 88:40)
8 Blademaster
3 Wind Walk
3 Critical Strike
1 Bladestorm
1 Mirror Image
» actions
| Assign group hotkey | 67 | |
| Basic commands | 202 | |
| Build / train | 88 | |
| Enter build submenu | 48 | |
| Enter hero's abilities submenu | 8 | |
| Give item / drop item | 6 | |
| Right click | 1629 | |
| Select / deselect | 510 | |
| Select group hotkey | 1142 | |
| Use ability | 814 | |
4514 total
» units
| Peon | 24 | |
| Grunt | 3 | |
| Wind Rider | 7 | |
| Troll Batrider | 8 | |
42 total
» upgrades
| Reinforced Defenses | 1 | |
| Liquid Fire | 1 | |
| Ranged Weapons | 2 | |
| Armor | 2 | |
| Ensnare | 1 | |
| Envenomed Spears | 1 | |
| Spiked Barricades | 1 | |
| Melee Weapons | 1 | |
10 total
» buildings
| Altar of Storms | 1 | |
| Orc Burrow | 9 | |
| Barracks | 1 | |
| Voodoo Lounge | 1 | |
| Stronghold | 1 | |
| War Mill | 1 | |
| Great Hall | 1 | |
| Beastiary | 4 | |
| Watch Tower | 40 | |
| Fortress | 2 | |
61 total
» build order
00:06 Altar of Storms
00:20 Orc Burrow
00:36 Barracks
01:24 Orc Burrow
01:56 Voodoo Lounge
03:15 Stronghold
03:43 War Mill
04:40 Great Hall
05:22 Orc Burrow
05:49 Beastiary
06:03 Watch Tower
06:23 Beastiary
07:18 Watch Tower
07:30 Watch Tower
07:37 Watch Tower
08:08 Fortress
08:08 Fortress
08:27 Orc Burrow
08:30 Orc Burrow
09:09 Watch Tower
09:15 Watch Tower
09:39 Watch Tower
09:44 Watch Tower
09:45 Watch Tower
09:55 Watch Tower
10:59 Watch Tower
11:24 Orc Burrow
11:29 Watch Tower
12:05 Beastiary
12:08 Orc Burrow
12:32 Watch Tower
12:36 Watch Tower
12:39 Orc Burrow
17:42 Watch Tower
17:43 Watch Tower
17:43 Watch Tower
17:44 Watch Tower
18:44 Watch Tower
18:50 Watch Tower
19:05 Watch Tower
19:05 Watch Tower
19:09 Watch Tower
19:10 Watch Tower
21:03 Watch Tower
21:03 Watch Tower
21:04 Watch Tower
21:04 Watch Tower
21:49 Watch Tower
22:51 Watch Tower
22:51 Watch Tower
22:52 Watch Tower
25:46 Beastiary
26:58 Watch Tower
26:58 Watch Tower
27:25 Orc Burrow
32:40 Watch Tower
32:40 Watch Tower
32:40 Watch Tower
33:15 Watch Tower
33:15 Watch Tower
33:16 Watch Tower
» items
| Healing Salve | 3 | |
| Staff of Teleportation | 2 | |
| Scroll of Town Portal | 8 | |
| Orb of Lightning | 1 | |
| Lesser Clarity Potion | 1 | |
| Potion of Lesser Invulnerability | 1 | |
| Scroll of Healing | 1 | |
| Tiny Great Hall | 1 | |
18 total
Chat log
(00:12 / All) Kbilly: Glhf
(00:22 / Allies) ReBounD: last ally tkd us
(00:25 / Allies) ReBounD: for no reason
(00:29 / Allies) ReBounD: shit so dumb
(00:39 / Allies) ReBounD: saturday night why u wanna just waist time
(01:21 / Allies) QUIT-DC-OUT-BOB: lay off green he hu
(02:13 / Allies) MCdonalds_Army: im rushing green
(02:16 / Allies) QUIT-DC-OUT-BOB: no man
(02:17 / Allies) ReBounD: k
(02:19 / Allies) QUIT-DC-OUT-BOB: hes hu
(02:22 / Allies) ReBounD: dont die tho
(02:25 / Allies) QUIT-DC-OUT-BOB: dont be anub
(02:30 / Allies) ReBounD: hit run
(02:33 / Allies) ReBounD: but dont stay
(03:49 / Allies) QUIT-DC-OUT-BOB: he has towers
(03:50 / Allies) QUIT-DC-OUT-BOB: hit someone else
(03:53 / Allies) MCdonalds_Army: lots of towers
(05:21 / Allies) ReBounD: go mid
(05:27 / Allies) ReBounD: mid
(05:42 / Allies) ReBounD: join us
(05:43 / Allies) ReBounD: middle
(05:43 / Allies) QUIT-DC-OUT-BOB: omw
(05:44 / Allies) ReBounD: cme
(06:16 / Allies) QUIT-DC-OUT-BOB: i call mask of death
(06:21 / Allies) ReBounD: whoever get
(06:22 / Allies) ReBounD: gets it
(06:23 / Allies) ReBounD: cant call
(06:27 / Allies) QUIT-DC-OUT-BOB: naw fuck u
(06:30 / Allies) ReBounD: wtf
(06:50 / Allies) QUIT-DC-OUT-BOB: mask doesnt go on mk
(06:57 / Allies) ReBounD: i give
(06:59 / Allies) ReBounD: kill them
(07:00 / Allies) QUIT-DC-OUT-BOB: k come
(07:03 / Allies) ReBounD: f
(07:04 / Allies) ReBounD: ffs
(07:06 / Allies) ReBounD: wtf guys
(07:08 / Allies) ReBounD: shit the fuck up
(07:10 / Allies) ReBounD: about a mask
(07:14 / Allies) ReBounD: we rfucking dying
(07:18 / Allies) ReBounD: and u worr=ied bout a fuckin tiem
(07:20 / Allies) ReBounD: item
(07:20 / Allies) ReBounD: gg
(07:26 / All) QUIT-DC-OUT-BOB: reeds a baby lol
(07:28 / Allies) ReBounD: good job
(07:32 / Allies) ReBounD: na
(07:35 / Allies) ReBounD: u leave me to die
(07:38 / Allies) ReBounD: over a mask
(07:41 / All) QUIT-DC-OUT-BOB: purple
(07:44 / Allies) ReBounD: check stats
(07:48 / Allies) ReBounD: thats ur baby
(07:51 / Allies) ReBounD: idiots like u
(07:52 / Allies) ReBounD: who blow shit
(08:38 / Allies) QUIT-DC-OUT-BOB: we are still fine
(08:56 / Allies) QUIT-DC-OUT-BOB: hit bot right
(09:06 / Allies) QUIT-DC-OUT-BOB: wood
(09:51 / Allies) ReBounD: block
(09:52 / Allies) ReBounD: lmfao
(09:57 / Allies) ReBounD: bout a grand
(10:07 / Allies) ReBounD: jack
(10:40 / Allies) ReBounD: b
(10:45 / Allies) ReBounD: tp
(10:57 / Allies) ReBounD: omfg
(11:04 / Allies) ReBounD: WTF YALL DOING
(11:05 / Allies) QUIT-DC-OUT-BOB: hit bot rihgt
(11:10 / Allies) ReBounD: WE DOWN EHRE NO9W
(11:11 / Allies) ReBounD: GETITNG HIT
(11:12 / Allies) ReBounD: BY ALL 4
(11:14 / Allies) ReBounD: HIT THE FUCKING
(11:14 / Allies) ReBounD: TOOP
(11:15 / Allies) ReBounD: TOP
(11:16 / Allies) ReBounD: SOMETHNG
(11:18 / Allies) QUIT-DC-OUT-BOB: tp?
(11:25 / Allies) ReBounD: IDGAF
(11:35 / Allies) ReBounD: go yellow
(11:36 / Allies) ReBounD: i got u
(11:38 / Allies) ReBounD: they sure dont
(13:54 / Allies) QUIT-DC-OUT-BOB: saw blue bm
(14:41 / Allies) ReBounD: gold
(14:42 / Allies) ReBounD: for tp
(14:47 / Allies) ReBounD: tp
(14:47 / Allies) ReBounD: goldf
(14:48 / Allies) ReBounD: gold
(14:55 / Allies) ReBounD: i walk unles they coime in
(14:57 / Allies) ReBounD: tp guys
(15:46 / Allies) ReBounD: end
(17:24 / All) QUIT-DC-OUT-BOB: help oj billy
(17:44 / Allies) ReBounD: any helo
(17:47 / Allies) ReBounD: helppppp6
(18:25 / All) Jazzman: what's ur prob cuh
(18:29 / Allies) ReBounD: get bats
(18:31 / Allies) ReBounD: pink
(18:32 / All) MCdonalds_Army: =(
(18:34 / Allies) ReBounD: take his wvy
(18:35 / Allies) ReBounD: out
(18:40 / All) QUIT-DC-OUT-BOB: k
(19:11 / Allies) ReBounD: meet
(19:12 / Allies) ReBounD: and hit
(19:19 / Allies) ReBounD: wood
(19:20 / Allies) ReBounD: plz
(19:42 / All) QUIT-DC-OUT-BOB: billy hit not me
(19:43 / Allies) ReBounD: otw
(19:44 / Allies) ReBounD: otw
(19:51 / Allies) ReBounD: COEM BOTT
(19:57 / All) Kbilly: Ok there Shakespeare.
(19:59 / All) Jazzman: Wtf
(20:07 / Allies) ReBounD: I GOT HIM
(20:50 / Allies) ReBounD: pink
(20:50 / Allies) ReBounD: meet up
(20:53 / Allies) MCdonalds_Army: i got 4
(20:59 / Allies) ReBounD: getting mortar
(21:12 / Allies) QUIT-DC-OUT-BOB: wait
(21:13 / Allies) QUIT-DC-OUT-BOB: oj expo
(21:23 / Allies) QUIT-DC-OUT-BOB: ignore it
(21:31 / Allies) ReBounD: got u
(21:57 / All) JBGarrison72: :D
(23:10 / Allies) ReBounD: BATS
(23:10 / All) QUIT-DC-OUT-BOB: die billy
(23:11 / Allies) ReBounD: PINK
(23:12 / All) QUIT-DC-OUT-BOB: U nigger
(23:13 / Allies) ReBounD: U THE BAT MAN
(23:16 / Allies) ReBounD: UPGRDFE TOERS
(23:16 / All) Kbilly: I am a nigger.
(23:18 / Allies) ReBounD: UPRUPE
(24:59 / Allies) QUIT-DC-OUT-BOB: dont hitg
(25:00 / Allies) QUIT-DC-OUT-BOB: green
(25:01 / Allies) QUIT-DC-OUT-BOB: he a troll
(25:30 / All) QUIT-DC-OUT-BOB: ur gay billy
(25:39 / All) Kbilly: Yes.
(25:41 / All) Kbilly: how did you know?
(26:03 / Allies) ReBounD: hit
(26:37 / Allies) ReBounD: help
(26:37 / Allies) ReBounD: help
(26:54 / Allies) ReBounD: PINK
(26:54 / All) Jazzman: you're such a cunt
(26:55 / Allies) ReBounD: DAMIT
(26:58 / Allies) ReBounD: NAA
(27:27 / Allies) ReBounD: ciome
(27:28 / Allies) ReBounD: fsf
(27:28 / Allies) ReBounD: fs
(27:29 / Allies) ReBounD: eroiejre
(27:45 / Allies) ReBounD: FUCKIGN
(27:45 / Allies) ReBounD: HEL
(27:46 / Allies) ReBounD: WTF
(28:07 / Allies) ReBounD: GOOD THING IMA BAD MOIFO
(28:12 / All) h2oburyUSA: green
(28:14 / All) h2oburyUSA: fucking
(28:15 / All) h2oburyUSA: sucks
(28:19 / All) h2oburyUSA: 5k gold
(28:21 / Allies) QUIT-DC-OUT-BOB: i have beef with
(28:22 / Allies) QUIT-DC-OUT-BOB: teal
(28:23 / Allies) QUIT-DC-OUT-BOB: not with u
(28:23 / All) h2oburyUSA: and blows dick
(28:30 / All) ReBounD: pwnt
(28:30 / All) Jazzman: lol
(28:34 / All) Jazzman: he massed wyvern wooo
(29:15 / Allies) MCdonalds_Army: i will take yellow
(29:17 / Allies) ReBounD: weood
(29:18 / Allies) ReBounD: woodk
(29:19 / Allies) ReBounD: WOOD
(29:21 / All) QUIT-DC-OUT-BOB: no purple
(29:22 / All) QUIT-DC-OUT-BOB: ur not taking shit
(29:24 / All) QUIT-DC-OUT-BOB: fucking noob
(29:34 / Allies) MCdonalds_Army: =(
(29:40 / Allies) ReBounD: i got yellow
(29:43 / Allies) ReBounD: had him all game
(29:51 / Allies) QUIT-DC-OUT-BOB: hit oj expo
(29:56 / Allies) ReBounD: BAT
(29:58 / Allies) ReBounD: WHERE BATS?
(30:26 / Allies) ReBounD: PINK
(30:27 / Allies) ReBounD: KILL HIM
(30:33 / All) QUIT-DC-OUT-BOB: i told u red i have beef with teal
(30:50 / Allies) MCdonalds_Army: bats
(31:20 / All) Kbilly: Green is bsing.
(31:23 / All) QUIT-DC-OUT-BOB: stfu
(31:24 / All) Kbilly: hoarding gold and towering
(31:26 / All) QUIT-DC-OUT-BOB: idiot
(31:32 / All) QUIT-DC-OUT-BOB: green killin rut eam
(31:37 / All) QUIT-DC-OUT-BOB: green is killing my team
(32:00 / All) Jazzman: wtf
(32:01 / All) Jazzman: Man
(32:03 / All) ReBounD: OWNED
(32:04 / All) Jazzman: I fucking mass tp
(32:05 / All) ReBounD: LIKE A MOFOF
(32:06 / All) ReBounD: bITCH
(32:07 / All) ReBounD: ASS NIGGA
(32:08 / All) Jazzman: then I fucking tp scroll
(32:10 / All) ReBounD: STUNEED
(32:10 / All) Jazzman: and neither went thru
(32:18 / Allies) ReBounD: DONE PLAYING
(32:20 / Allies) ReBounD: ITS KIKLL TIME
(33:05 / All) Jazzman: why my tp scroll didn't go thru first one tho
(33:15 / All) ReBounD: U GOT STUNEED
(33:17 / All) ReBounD: BY CL
(33:20 / All) ReBounD: tHEN BOLTED
(33:27 / All) Jazzman: tp scroll = invincible
(33:28 / All) Jazzman: didn't go thru
(33:30 / All) ReBounD: TRUE
(35:00 / Allies) ReBounD: GOLD
(35:01 / All) QUIT-DC-OUT-BOB: oj recognize us from last night lol
(35:16 / Allies) ReBounD: gold for
(35:17 / All) JBGarrison72: oh boy, i suspected you might be in this game
(35:18 / Allies) ReBounD: expo
(35:34 / All) JBGarrison72: you guys ever get tired of this?
(35:39 / All) QUIT-DC-OUT-BOB: no cuz its fune
(35:39 / All) Kbilly: oh it's one of THESE games?
(35:41 / All) Kbilly: HAHAHAHAHA
(35:51 / All) Kbilly: Let me ask you a trivia question.
(35:54 / All) Jazzman: lawl
(35:56 / Allies) ReBounD: ow
(35:58 / All) ReBounD: owned
(36:00 / All) ReBounD: like a bitch
(36:01 / All) JBGarrison72: Upload the damn replays so people can enjoy this stupidity
(36:01 / All) ReBounD: GTFO
(36:02 / All) Jazzman: was building in my base
(36:07 / All) Jazzman: We'll see who has last laugh
(36:08 / All) QUIT-DC-OUT-BOB: lawl
(36:08 / All) ReBounD: MORE EXUCSES
(36:10 / All) QUIT-DC-OUT-BOB: oj mad
(36:10 / All) ReBounD: lMFAO
(36:35 / Allies) ReBounD: pink
(36:35 / Allies) ReBounD: wf
(36:37 / Allies) ReBounD: PINK
(36:38 / Allies) ReBounD: GOLD MAN
(36:39 / Allies) ReBounD: WOW
(36:40 / All) QUIT-DC-OUT-BOB: i hate u billy
(36:42 / Allies) ReBounD: 10 000
(36:44 / Allies) ReBounD: GIME PLZ
(36:45 / Allies) ReBounD: END IT
(36:45 / All) QUIT-DC-OUT-BOB: every game billy
(36:46 / All) QUIT-DC-OUT-BOB: ur a dick
(36:51 / Allies) ReBounD: Whos billy
(37:01 / All) QUIT-DC-OUT-BOB: kbilly
(37:03 / All) QUIT-DC-OUT-BOB: closet maphacks
(37:07 / Allies) ReBounD: goldm an
(37:08 / All) QUIT-DC-OUT-BOB: he always denies it
(37:08 / Allies) ReBounD: gold
(37:14 / Allies) ReBounD: gota kill geen
(37:22 / Allies) QUIT-DC-OUT-BOB: finsih blue
(37:24 / All) Kbilly: I do not hack.
(37:29 / Allies) ReBounD: plz gold
(37:45 / All) Jazzman: lol
(37:46 / Allies) ReBounD: gold mna
(37:47 / Allies) ReBounD: end thid
(37:48 / Allies) ReBounD: end this
(37:53 / All) Jazzman: hook me up with lumber anyway
(37:57 / All) Kbilly: I am aware.
(39:03 / All) JBGarrison72: alt-tabbing because green-pink are hackers and cahoots with each other
(39:06 / Allies) ReBounD: cant believe pink
(39:08 / Allies) ReBounD: just end it man
(39:09 / Allies) ReBounD: give gold
(39:16 / Allies) ReBounD: can u helkp
(39:29 / Allies) ReBounD: we gona die now
(39:33 / Allies) QUIT-DC-OUT-BOB: can i get mask
(39:37 / Allies) ReBounD: idgaf for
(39:39 / Allies) ReBounD: 5 000
(39:43 / Allies) QUIT-DC-OUT-BOB: mask
(39:47 / Allies) QUIT-DC-OUT-BOB: u gave me ur word
(39:48 / Allies) ReBounD: due give me gold
(39:51 / Allies) ReBounD: so we can end
(39:51 / Allies) ReBounD: this
(39:53 / Allies) ReBounD: u can have
(39:55 / Allies) ReBounD: but
(39:56 / Allies) ReBounD: LETS END!!!
(39:57 / Allies) ReBounD: FFS
(39:57 / Allies) QUIT-DC-OUT-BOB: now
(39:57 / Allies) ReBounD: MAN
(39:59 / Allies) ReBounD: END AND S4S
(39:59 / Allies) QUIT-DC-OUT-BOB: drop it
(40:00 / Allies) QUIT-DC-OUT-BOB: now
(40:04 / Allies) ReBounD: gold
(40:24 / Allies) ReBounD: give me some to get something
(40:25 / Allies) ReBounD: rifles something
(40:42 / All) QUIT-DC-OUT-BOB: Red has 10 seconds to drop mask
(40:45 / Allies) ReBounD: here br
(40:46 / Allies) ReBounD: idgaf
(40:52 / Allies) ReBounD: dont care bout no mask
(40:58 / Allies) ReBounD: what u doing
(40:59 / Allies) ReBounD: mask
(41:01 / Allies) ReBounD: is there
(41:04 / Allies) ReBounD: u gona let him get it
(41:08 / Allies) ReBounD: MASK
(41:09 / Allies) ReBounD: IS OON GORUND
(41:13 / All) QUIT-DC-OUT-BOB: where
(41:15 / Allies) ReBounD: FFS
(41:16 / Allies) ReBounD: BACK THERE
(41:16 / All) Jazzman: top
(41:17 / All) QUIT-DC-OUT-BOB: oh lawl
(41:21 / Allies) ReBounD: GOD DDAMIT
(41:27 / Allies) ReBounD: FUCK THS
(41:45 / All) Jazzman: ...
(42:20 / Allies) ReBounD: DUDE why dont u wanna
(42:21 / Allies) ReBounD: end this hist
(42:22 / All) QUIT-DC-OUT-BOB: suck mah dick purple
(42:22 / All) MCdonalds_Army: hahaha
(42:40 / Allies) ReBounD: wtfm an
(42:49 / Allies) MCdonalds_Army: pink bsing us
(42:50 / Allies) ReBounD: ok not playing this shit
(45:22 / All) QUIT-DC-OUT-BOB: purple is so gay
(45:29 / All) Jazzman: why'd kbilly leave lawl
(45:57 / All) Jazzman: red won't accept whispers lawl
(46:17 / All) QUIT-DC-OUT-BOB: pruple didnt listen one bit
(46:18 / All) Jazzman: that second time he got me while I was plopping down tons of towers in my base
(46:23 / All) Jazzman: him and yellow
(46:27 / All) Jazzman: and purp
(46:32 / All) Jazzman: so I just let my shit die
(46:36 / All) Jazzman: he had mass gyro attacking it anyway
(47:01 / All) Jazzman: purple had some kind of problem with me
(47:04 / All) Jazzman: what's your deal, cuh
(47:12 / All) QUIT-DC-OUT-BOB: hes trying to build with red
(47:17 / All) QUIT-DC-OUT-BOB: standoff is basically done my side
(47:48 / All) Jazzman: jbg is a better ally than kbilly and it's not even close
(47:52 / All) Jazzman: Kbilly is such a cunt lawl
(47:57 / All) Jazzman: he is disrespectful as hell
(47:58 / All) QUIT-DC-OUT-BOB: game went perfectly but ur team couldnt handle reds OP mk pally tanks copters combo
(48:02 / All) Jazzman: then later one he started asking for gold LMAO
(48:14 / All) Jazzman: he's like "U WANT TO WIN DOINT UT"
(48:18 / All) QUIT-DC-OUT-BOB: im surprised red
(48:21 / All) QUIT-DC-OUT-BOB: didnt leave
(48:21 / All) Jazzman: then he said he put me on squelch
(48:25 / All) QUIT-DC-OUT-BOB: i had 2 expos never gave gold
(48:53 / All) QUIT-DC-OUT-BOB: eager to see ur side
(48:59 / All) QUIT-DC-OUT-BOB: purple never said one word
(49:00 / All) Jazzman: it was going good until my tp scroll didn't go thru
(49:05 / All) Jazzman: then when they caiught me while I was in my base
(49:11 / All) QUIT-DC-OUT-BOB: red was leading us
(49:14 / All) QUIT-DC-OUT-BOB: he did actually good
(49:35 / All) Jazzman: I tried to lay off your team
(49:40 / All) Jazzman: except pruple who wouldn't fuck off
(49:44 / All) Jazzman: then they got stronger than my team
(49:59 / All) QUIT-DC-OUT-BOB: red yellow didnt expo til like 25 min which helped
(50:37 / All) QUIT-DC-OUT-BOB: gay corner items
(50:39 / All) QUIT-DC-OUT-BOB: frost, dagger
(50:53 / All) Jazzman: I tried to creep top left but it was gone already lawl
(51:17 / All) QUIT-DC-OUT-BOB: purple was a worse temmate than billy. he neve rlistened, never payed attention to rest of game
(51:19 / All) QUIT-DC-OUT-BOB: only focused on u
(51:34 / All) Jazzman: Kbilly has no people skills lawl
(51:40 / All) Jazzman: Well actually he does
(51:43 / All) Jazzman: When he wants something
(51:50 / All) Jazzman: Fake POS
(51:51 / All) QUIT-DC-OUT-BOB: i bet u garrison isnt afk
(51:53 / All) QUIT-DC-OUT-BOB: still here
(51:57 / All) QUIT-DC-OUT-BOB: he was hilarious last night
(51:59 / All) QUIT-DC-OUT-BOB: ur stupid mortars
(52:02 / All) QUIT-DC-OUT-BOB: killed that last building
(52:06 / All) Jazzman: alwl
(52:08 / All) QUIT-DC-OUT-BOB: standoff done my side
(52:21 / All) Jazzman: Pretty sure it's done this side
(52:26 / All) QUIT-DC-OUT-BOB: make sure
(52:41 / All) Jazzman: just my army
(52:52 / All) Jazzman: teal 0 b lue 0 killed orange hero and tauren
(54:04 / All) Jazzman: OH MY
(54:10 / All) Jazzman: Bad news JGB
(55:10 / All) Jazzman: all these towers that I spammed in my base while they raped my army are gonna come in handy now
(58:22 / All) JBGarrison72: you guys still here?
(58:34 / All) Jazzman: yeah purp fucked it up for ever body
(59:02 / All) JBGarrison72: so i figure... this will eat up your system resources a bit... so you probably can't just leave it open forever and log in to
(59:07 / All) JBGarrison72: other accounts
(59:15 / All) Jazzman: no need
(59:18 / All) JBGarrison72: so i don't mind just keeping my game open
(59:22 / All) JBGarrison72: forever if need be
(59:22 / All) Jazzman: I got Landazar to clean up the mess
(59:26 / All) Jazzman: We call him the wofl
(59:35 / All) QUIT-DC-OUT-BOB: sup oj
(59:41 / All) QUIT-DC-OUT-BOB: how ya doing big guy
(59:53 / All) JBGarrison72: As it is... you're not harassing anyone else while your busy in this game
(60:03 / All) QUIT-DC-OUT-BOB: we do this, because 2v6's are fun
(60:06 / All) Jazzman: Orange is a modern day hero
(60:06 / All) JBGarrison72: lotta people are getting some good 4s in... while you guys keep me occupied
(60:07 / All) QUIT-DC-OUT-BOB: competitive
(60:12 / All) Jazzman: He's gotta be tuff and he's gotta be strong
(60:30 / All) JBGarrison72: Alt-tab works pretty good... takes forever to find games anyhow...i surf the web
(60:31 / All) Jazzman: this is why we don't take leniency on ya
(60:31 / All) QUIT-DC-OUT-BOB: we do 2v6's 99% of time successfully. u should feel honored
(60:33 / All) JBGarrison72: read books
(60:34 / All) Jazzman: you're a jerk
(60:36 / All) Jazzman: a big jerk
(60:42 / All) JBGarrison72: Yeah, im pretty mean
(60:46 / All) JBGarrison72: you should meet me in person
(60:46 / All) QUIT-DC-OUT-BOB: please read the wticher books, from polish author
(60:49 / All) JBGarrison72: you have no idea
(60:50 / All) QUIT-DC-OUT-BOB: witcher
(61:05 / All) JBGarrison72: witcher is pretty juvenile
(61:27 / All) JBGarrison72: About the level of Twilight right?
(61:28 / All) QUIT-DC-OUT-BOB: its more dark fantasy than GOT
(61:43 / All) JBGarrison72: Game of Thrones is actually pretty weak too
(62:04 / All) JBGarrison72: Hollywood is talentless
(62:13 / All) JBGarrison72: Peter Jackson is a tool as well
(62:24 / All) QUIT-DC-OUT-BOB: hobbit movie sucked
(62:33 / All) JBGarrison72: You agree with me on that?
(62:38 / All) QUIT-DC-OUT-BOB: batman the dark knight is best fictional movie in last ten yrs
(62:44 / All) JBGarrison72: There's potential for you then... some day
(62:51 / All) JBGarrison72: Oh wait, batman fan?
(62:53 / All) JBGarrison72: no you fail
(62:54 / All) QUIT-DC-OUT-BOB: i loved LOTR movies
(63:01 / All) QUIT-DC-OUT-BOB: chris nolan did great job with them
(63:03 / All) JBGarrison72: LotR was weak
(63:16 / All) JBGarrison72: Maybe Chris Nolan did a good job...
(63:26 / All) JBGarrison72: The premise of all DC comics is retarded
(63:53 / All) JBGarrison72: Lego Batman movie is the only truly compelling epic work
(64:28 / All) QUIT-DC-OUT-BOB: please rank my top 5 movies of all time- the goonies, ferris buelers day off, fellow ship of ring
(64:29 / All) QUIT-DC-OUT-BOB: Ghost busters
(64:35 / All) QUIT-DC-OUT-BOB: and army of dakrness
(64:43 / All) JBGarrison72: Goonies 4
(64:56 / All) JBGarrison72: Ferris Buellers 5
(65:09 / All) QUIT-DC-OUT-BOB: what are ur top 5 then
(65:25 / All) JBGarrison72: Hamburger Hill would be up there
(65:28 / All) JBGarrison72: Platoon
(65:41 / All) JBGarrison72: Excalibur
(66:09 / All) JBGarrison72: Aliens
(66:28 / All) JBGarrison72: Big Trouble in Little China...
(66:34 / All) JBGarrison72: best movie ever made
(67:04 / All) QUIT-DC-OUT-BOB: nicholson's best movie is the shining
(67:15 / All) JBGarrison72: Still haven't seen it
(67:30 / All) QUIT-DC-OUT-BOB: oh nicholson isnt in china movie
(67:46 / All) QUIT-DC-OUT-BOB: what is ur opinion on trump and the presidency
(67:48 / All) JBGarrison72: That's Kurt Russel
(67:58 / All) JBGarrison72: You already know what I think....
(68:01 / All) JBGarrison72: He's a reptilian
(68:05 / All) Jazzman: was afk
(68:06 / All) JBGarrison72: Seriously though....
(68:08 / All) Jazzman: what did I miss
(68:26 / All) JBGarrison72: Trump is probably up to speed on the deep state if he wasn't already
(68:30 / All) Jazzman: What did these men say about the reptilians
(68:32 / All) JBGarrison72: and is now a status quo tool
(68:44 / All) JBGarrison72: Hillary would have plunged us into ww3
(68:53 / All) Jazzman: Please when you say my President's name you put some respect on it
(69:06 / All) JBGarrison72: He kissed the wailing wall just like Obama
(69:10 / All) JBGarrison72: make of that what you will
(69:22 / All) JBGarrison72: while wearing a yamaka
(69:24 / All) Jazzman: He knows what he's doing
(69:28 / All) JBGarrison72: Maybe so
(69:39 / All) JBGarrison72: but... he also isn't rocking the boat, because Israel runs this country
(69:55 / All) QUIT-DC-OUT-BOB: how the hell do jews run this country
(69:56 / All) JBGarrison72: Already people are seeing that he's not making any changes
(69:58 / All) Jazzman: He sacrificed his daughter to win the cultural war against the hebrew deceivers
(69:59 / All) QUIT-DC-OUT-BOB: they're a tiny country on a map
(70:05 / All) Jazzman: His son will be our god emperor
(70:13 / All) QUIT-DC-OUT-BOB: ivanka will
(70:24 / All) JBGarrison72: All US foreign policy is an extension of Israel
(70:25 / All) Jazzman: Ivanka is a jew lover
(70:37 / All) QUIT-DC-OUT-BOB: y do we need them
(70:37 / All) JBGarrison72: Has nothing to do with Jewish people...
(70:39 / All) QUIT-DC-OUT-BOB: israel
(70:46 / All) JBGarrison72: has everything to do with shadow government
(70:58 / All) Jazzman: Orange = Jew lover
(71:11 / All) JBGarrison72: I have no problem with Jews
(71:14 / All) QUIT-DC-OUT-BOB: pretty sure trump wouldnt let us be run by jews
(71:16 / All) JBGarrison72: I have a lot of issue zionists
(71:20 / All) Jazzman: We found ourselves a yke
(71:23 / All) Jazzman: kyke
(71:39 / All) JBGarrison72: and Israeli dual citizens owning most of the wealth in this country... as well as staffing most important federal positions
(71:40 / All) Jazzman: Any Jew that practices the Talmud is no good
(71:45 / All) JBGarrison72: im also a confederate
(71:53 / All) JBGarrison72: My ancestors mostly fought for the south
(71:56 / All) Jazzman: which is all jews even the "atheist" ones that are cultural jews
(71:57 / All) JBGarrison72: and it's still alive
(72:18 / All) JBGarrison72: A lot of jews do embrace the whole screw the goy thing
(72:19 / All) Jazzman: What did you think of this game, JBG?
(72:21 / All) JBGarrison72: That is true
(72:26 / All) JBGarrison72: But race is not an issue
(72:30 / All) QUIT-DC-OUT-BOB: ur a confederate?
(72:38 / All) JBGarrison72: In spirit yes
(72:42 / All) QUIT-DC-OUT-BOB: i personally like abrahaman lincoln
(72:52 / All) QUIT-DC-OUT-BOB: isnt freeing slaves a good thing
(72:58 / All) JBGarrison72: Lincoln... was just like all politicians
(73:01 / All) Jazzman: I have a good pic of an elephant with a A. Wyatt Mann's jew head
(73:04 / All) JBGarrison72: it wasn't about slavery
(73:21 / All) Jazzman: and people inspecting it going "IT'S THE REPITILIANS, IT'S THE ELITES, IT'S THE COMMIES" etc
(73:24 / All) JBGarrison72: People argue, some states govs fought because of slavery
(73:27 / All) Jazzman: none name the jew
(73:30 / All) Jazzman: IT'S THE ZIONISTS
(73:33 / All) Jazzman: No, it's the jew
(73:36 / All) Jazzman: The biological jew
(73:37 / All) JBGarrison72: But the fact of the matter is, Lincoln invade southern territory...
(73:42 / All) Jazzman: jews are a biological parasite
(73:43 / All) JBGarrison72: Throwing out all chance of negotiation...
(73:57 / All) JBGarrison72: I'm about 1% jew
(74:13 / All) JBGarrison72: Is 99% of me host to a parasite?
(74:15 / All) QUIT-DC-OUT-BOB: im from the state of indiania
(74:32 / All) JBGarrison72: I don't hide who i am...
(74:39 / All) Jazzman: Pink is from Kalifornia
(74:40 / All) JBGarrison72: Im easy to track down, i use same username
(74:42 / All) JBGarrison72: everywhere
(74:44 / All) Jazzman: I am from Indiana
(74:50 / All) Jazzman: I am from the great state of Indiana
(74:55 / All) JBGarrison72: and i hide nothing
(74:58 / All) Jazzman: We put the final nail in the coffin of Lyin' Ted
(75:03 / All) JBGarrison72: even my temper tantrums online
(75:12 / All) JBGarrison72: in warcraft 3
(75:14 / All) Jazzman: Ted Cruz took to heart what Hoosier patriots said to his face
(75:15 / All) JBGarrison72: open to public
(75:17 / All) QUIT-DC-OUT-BOB: u were pretty heated last night, oj.........
(75:18 / All) Jazzman: And now he has changed for the better
(75:23 / All) JBGarrison72: I was indeed
(75:28 / All) JBGarrison72: would be now too...
(75:32 / All) JBGarrison72: But I'm too tired to be mad
(75:36 / All) Jazzman: Orange
(75:38 / All) Jazzman: Look on youtube
(75:42 / All) JBGarrison72: I will
(75:43 / All) Jazzman: Alexa Jones alex jones
(75:51 / All) Jazzman: amazon alex jones
(75:54 / All) JBGarrison72: what?
(75:57 / All) Jazzman: look it up
(76:09 / All) JBGarrison72: I don't like Alex Jones...
(76:13 / All) JBGarrison72: Circus Show
(76:31 / All) JBGarrison72: I'm a historian and a rational thinker (when I'm not fuming mad)
(76:41 / All) Jazzman: Amazon Echo Alexa Jones
(76:52 / All) JBGarrison72: I wouldn't ever get an Echo
(76:57 / All) Jazzman: Alex Jones was right about things that I previously mocked him for
(77:03 / All) Jazzman: Look it up it's a funny video
(77:07 / All) Jazzman: taking alex jones sound clips
(77:15 / All) JBGarrison72: He was right about a lot of things... but other sources are also right, and less annoying
(77:24 / All) Jazzman: He won't name the Jew, nor even "zionists"
(77:28 / All) Jazzman: he says it's arabs lawl
(77:41 / All) JBGarrison72: Alex Jones frogs mutated by the water... sure, that's great meme material... meh
(77:53 / All) Jazzman: lol
(77:59 / All) JBGarrison72: 9-11 wasn't arabs
(78:09 / All) JBGarrison72: It was Israel and elements of US alphabet agencies
(78:11 / All) Jazzman: It was JOOS
(78:22 / All) Jazzman: They used to spy on us
(78:33 / All) Jazzman: Then they got a deal where they got all our intel info anyway
(78:36 / All) JBGarrison72: It may be funny to milennials.... because... nihilism
(78:42 / All) Jazzman: Mossad gets all our info
(79:07 / All) JBGarrison72: Mossad does get whatever they want, that's true
(79:46 / All) JBGarrison72: Kill that tower already.... this replay is going to be worthless if it's too long
(80:02 / All) JBGarrison72: Or... I can go back to reading book
(80:11 / All) JBGarrison72: Not curious what I'm reading?
(80:15 / All) Jazzman: We save for chatlog
(80:20 / All) JBGarrison72: Well there you go
(80:24 / All) Jazzman: Charlotte's Web?
(80:33 / All) JBGarrison72: Interesting guess
(80:39 / All) JBGarrison72: Very interesting guess
(80:45 / All) Jazzman: Target Patton?
(80:49 / All) JBGarrison72: That's a bit more than random
(81:09 / All) JBGarrison72: Sure you don't know me? On Facebook?
(81:10 / All) Jazzman: well don't keep us in suspense
(81:23 / All) JBGarrison72: I'm reading the Black Arrow
(81:43 / All) JBGarrison72: But, the first time I've even come across Charlotte's Web... in over 20 years
(81:47 / All) JBGarrison72: was a few hours ago
(81:51 / All) JBGarrison72: on Facebook
(82:00 / All) JBGarrison72: I commented on a buddy's page
(82:05 / All) Jazzman: *_-
(82:10 / All) Jazzman: I work for the NSA
(82:12 / All) JBGarrison72: Who posted the death of Charlotte
(82:17 / All) JBGarrison72: unlikely
(82:26 / All) Jazzman: It's psychic energy, really
(82:31 / All) JBGarrison72: but I have over 600 FB friends
(82:39 / All) JBGarrison72: So the odds of dedicated trolls... maybe possible
(82:45 / All) JBGarrison72: I'm not that good i guess
(82:51 / All) JBGarrison72: to have my own troll.... yes
(82:52 / All) Jazzman: I had Socal Anne on my old facebook that I deleted
(82:54 / All) JBGarrison72: *yet
(83:01 / All) JBGarrison72: I had SoCal
(83:11 / All) Jazzman: We used to get her a lot
(83:11 / All) JBGarrison72: so... you were in Lordaeron Group?
(83:15 / All) JBGarrison72: Facebook Group?
(83:19 / All) Jazzman: We used to play USWest sometimes
(83:35 / All) Jazzman: This was like 2013 and before
(83:41 / All) JBGarrison72: Obviously you know US West is my home server
(83:55 / All) JBGarrison72: And i've been playing US West as JB since...
(84:01 / All) Jazzman: Think I deleted my account in 2013 or 2014 and just had real facebook, but IU made a new account a while ago
(84:05 / All) JBGarrison72: 2007 maybe?
(84:11 / All) JBGarrison72: I was Fean77 before that on US West
(84:23 / All) JBGarrison72: From release of RoC
(84:24 / All) Jazzman: I didn't play it except smurf accounts to tk
(84:26 / All) JBGarrison72: and DF_Feanor
(84:33 / All) Jazzman: Always played USEast otherwise
(84:36 / All) JBGarrison72: Probably TK'ed me
(84:37 / All) Jazzman: And euro to tk
(84:43 / All) JBGarrison72: and witnessed me going ape shit several times
(84:50 / All) Jazzman: Probably
(85:20 / All) Jazzman: USwest rarely had anyone that was good
(85:30 / All) Jazzman: like not even average, just plain noobs
(85:35 / All) JBGarrison72: The flight to east.... I'm stubborn...
(85:36 / All) Jazzman: It was easy to just dominate with bullshit
(85:38 / All) Jazzman: every game
(85:39 / All) JBGarrison72: So i wouldnt move
(85:50 / All) JBGarrison72: and I was never an elite player
(85:58 / All) JBGarrison72: So i didn't care about the lack of them on west
(86:21 / All) Jazzman: On West you can probably 1v7 with just trihero
(86:45 / All) Jazzman: Well JBG we might catch you again
(86:47 / All) JBGarrison72: I'd have to see video of that to believe it
(86:50 / All) JBGarrison72: You probably will
(86:52 / All) Jazzman: GG